 Dungeon Crawl Stone Soup version 0.31-a0-810-ga77100ea1a (webtiles) character file.

Game seed: 7821204091204318096

49 Newt the Shooter (level 4, 0/30 HPs)
             Began as a Kobold Hunter on Sept 22, 2023.
             Slain by a black bear (9 damage)
             ... on level 3 of the Dungeon.
             The game lasted 00:01:13 (1339 turns).

Newt the Shooter (Kobold Hunter)                    Turns: 1339, Time: 00:01:14

Health: 0/30       AC:  3    Str:  8    XL:     4   Next: 1%
Magic:  4/4        EV: 14    Int: 10    God:
Gold:   82         SH:  0    Dex: 20    Spells: 3/3 levels left

rFire   . . .        a - +0 shortbow
rCold   + . .        (shield currently unavailable)
rNeg    . . .        c - +0 leather armour
rPois   .            (no helmet)
rElec   .            (no cloak)
rCorr   .            (no gloves)
SInv    .            (no boots)
Will    .....        (no amulet)
Stlth   +++          l - ring of protection from cold
HPRegen 0.25/turn    (no ring)
MPRegen 0.09/turn

%: no passive effects
@: no status effects
A: small, no large weapons, nightstalker 3
a: no special abilities


You were on level 3 of the Dungeon.
You visited 1 branch of the dungeon, and saw 3 of its levels.

You collected 82 gold pieces.

Inventory:

Hand Weapons
 a - a +0 shortbow (weapon)
Armour
 c - a +0 leather armour (worn)
Jewellery
 l - a ring of protection from cold (left hand)
Scrolls
 b - a scroll of butterflies
 h - a scroll of amnesia
 j - a scroll of enchant weapon {unknown}
Potions
 d - a potion of heal wounds
 e - a potion of invisibility {unknown}
 f - 2 potions of curing
 g - a potion of enlightenment
 i - a potion of degeneration {unknown}
 k - a potion of mutation {unknown}


   Skills:
 + Level 4.4 Fighting
 - Level 5.3 Ranged Weapons
 - Level 2.4 Dodging
 - Level 1.3 Stealth


You had 3 spell levels left.
You didn't know any spells.
Your spell library contained the following spells:

 Spells                   Type           Power      Damage    Failure   Level
 Summon Small Mammal      Summ           0%         N/A       50%         1
 Call Canine Familiar     Summ           0%         N/A       86%         3
 Summon Guardian Golem    Hex/Summ       0%         N/A       86%         3


Dungeon Overview and Level Annotations

Branches:
Dungeon (3/15)

Altars:

Shops:
D:3 [


Innate Abilities, Weirdness & Mutations

You are small and have problems with some larger weapons.
You are completely attuned to the shadows.


Message History

The adder poisons you!
You shoot an arrow. The arrow misses the adder.
The arrow hits the black bear!
The black bear is moderately wounded.
You feel sick. The adder closely misses you. x2
You shoot an arrow.
The arrow closely misses the black bear.
You feel sick. The adder bites you.
The black bear bites you but does no damage.
The black bear misses you. The black bear claws you.
You shoot an arrow. The arrow hits the black bear!
The black bear is severely wounded.
You feel sick.
You are no longer poisoned.
The adder barely misses you. The adder completely misses you.
The black bear goes berserk!
You shoot an arrow. The arrow barely misses the black bear.
The black bear bites you! The black bear closely misses you. x2
The adder misses you. The black bear closely misses you.
The black bear completely misses you. The black bear closely misses you.
The adder bites you but does no damage.
You are too injured to fight recklessly!
You are too injured to fight recklessly!
There are monsters nearby!
There are monsters nearby!
Unknown command.
The black bear attacks as it pursues you!
The black bear barely misses you. The black bear misses you.
The black bear claws you but does no damage.
The black bear rages.
The black bear bites you!
* * * LOW HITPOINT WARNING * * *
The black bear claws you.
* * * LOW HITPOINT WARNING * * *
The black bear misses you.
Unknown command.
You feel much better. The black bear bites you.
* * * LOW HITPOINT WARNING * * *
The black bear barely misses you. The black bear closely misses you.
The black bear bites you!
You die...

.##....##
...........
#..............
#......##....#
#.....#.##..#
#....#.#@#..#.#
#....##.#hS..#
#...#.##......#
#..#.#...[.....
#..##..........
#.#............
#.............
#..##..######
##.##.####


You could see a black bear (berserk) and an adder.

Vanquished Creatures
  An adder (D:2)
  A worm (D:2)
  A dart slug (D:1)
  2 endoplasms
  2 giant cockroaches
  3 goblins
  5 hobgoblins
  3 quokkas (D:1)
  2 ball pythons (D:1)
  2 frilled lizards (D:2)
  2 kobolds (D:1)
  5 rats (D:2)
29 creatures vanquished.

Vanquished Creatures (collateral kills)
  A bat (D:2)
  A kobold (D:2)
  A rat (D:2)
3 creatures vanquished.

Grand Total: 32 creatures vanquished

Notes
Turn   | Place    | Note
-------+----------+-------------------------------------------
     0 | D:1      | Newt the Kobold Hunter began the quest for the Orb.
     0 | D:1      | Reached XP level 1. HP: 12/12 MP: 1/1
    88 | D:1      | Reached XP level 2. HP: 17/19 MP: 2/2
   391 | D:1      | Reached XP level 3. HP: 23/23 MP: 3/3
   409 | D:1      | Found a faded altar of an unknown god.
   440 | D:1      | Found a faded altar of an unknown god.
  1015 | D:2      | Reached XP level 4. HP: 30/30 MP: 4/4
  1301 | D:3      | Found Wofemim's Armour Boutique.
  1330 | D:3      | Noticed a black bear
  1337 | D:3      | HP: 1/30 [black bear (3)]
  1339 | D:3      | Slain by a black bear

Illustrated notes

Levels and vault maps discovered:
D:1:      co_arrival_square_in_a_square_in_a_square, layout_rooms,
          hellmonk_ecumenical_altar_the_god_not_taken
D:2:      layout_loops_ring, serial_bayou_pond_b
D:3:      layout_loops_corners, kennysheep_orc_sif_temple, serial_shops, shop,
          minmay_misc_feat_secret_circle, feat_on_display

Skill      XL: |  1  2  3 |
---------------+----------+-----
Fighting       | 3 4 |  4.4
Ranged Weapons | |  5.3
Dodging        | |  2.4
Stealth        | |  1.3

Action                     |  1- 3 |  4- 6 || total
---------------------------+-------+-------++-------
   Fire: Shortbow          |    86 |     8 ||    94
    Use: Scroll            |     5 |     1 ||     6
         Potion            |     1 |     1 ||     2
 Armour: Leather armour    |    16 |    11 ||    27
  Dodge: Dodged            |    25 |    16 ||    41

Table legend: (Time is in decaauts)
 A = Elapsed time spent in this place.
 B = Non-inter-level travel time spent in this place.
 C = Inter-level travel time spent in this place.
 D = Time resting spent in this place.
 E = Time spent auto-exploring this place.
 F = Levels seen in this place.
 G = Mean time per level.
                   A        B        C        D        E       F      G
               +--------+--------+--------+--------+--------+-----+--------+
         Total |   1355 |   1309 |     46 |      0 |   1113 |   3 |  451.7 |
       Dungeon |   1355 |   1309 |     46 |      0 |   1113 |   3 |  451.7 |
               +--------+--------+--------+--------+--------+-----+--------+

Top non-repeatable levels by time:
     D:2: 738 daAuts
     D:1: 547 daAuts
     D:3: 69 daAuts
